PAAA
MILTON DOGFISH HEAD @ PLYMOUTH ROCKS
07/02/2025
 
TOP OF THE 1ST
Milton Dogfish Head batting - Pitching for Plymouth Rocks : RHP Robert Neal
Pitching: RHP Robert Neal
Batting: RHB Juan Jose Ayala 0-0: Ball
1-0: Called Strike
1-1: Swinging Strike
1-2: Strikes out looking
Batting: LHB Víctor Robledo 0-0: Called Strike
0-1: Swinging Strike
0-2: Foul Ball, location: 2F
0-2: Ball
1-2: DOUBLE (Flyball, 7LM)
Batting: LHB Floyd Long 0-0: Foul Ball, location: 2F
0-1: Ball
1-1: Ground out 4-3 (Groundball, 4S)
Víctor Robledo to third
Batting: RHB Fernando Silva 0-0: Ball
1-0: Ground out 5-3 (Groundball, 5S)
Top of the 1st over - 0 run(s), 1 hit(s), 0 error(s), 1 left on base; Milton 0 - Plymouth 0
BOTTOM OF THE 1ST
Plymouth Rocks batting - Pitching for Milton Dogfish Head : RHP Juan Lara
Pitching: RHP Juan Lara
Batting: LHB Motoshige Kitamura 0-0: Called Strike
0-1: Ball
1-1: Foul Ball, location: 2F
1-2: Ball
2-2: DOUBLE (Flyball, 8LXD)
Batting: RHB Sang-yeon Kim 0-0: Called Strike
0-1: Fly out, F7 (Line Drive, 7)
Batting: RHB Augusto Rocha 0-0: Ball
Throwing error on steal attempt, E2
Motoshige Kitamura scores
1-0: Foul Ball, location: 2F
1-1: Ball
2-1: SINGLE (Flyball, 89S)
Batting: LHB Carlos Álvarez 0-0: Ball
Augusto Rocha steals 2nd base
1-0: Ball
2-0: Foul Ball, location: 2F
2-1: Ball
3-1: Base on Balls
Batting: RHB Andrew Weeks 0-0: Ball
1-0: Ball
2-0: Ball
3-0: Base on Balls
Augusto Rocha to third
Carlos Álvarez to second
Batting: LHB Willis Baker 0-0: Swinging Strike
0-1: Swinging Strike
0-2: Strikes out looking
Batting: RHB Hubert Dodson 0-0: Fly out, F9 (Flyball, 9)
Bottom of the 1st over - 1 run(s), 2 hit(s), 1 error(s), 3 left on base; Milton 0 - Plymouth 1
TOP OF THE 2ND
Milton Dogfish Head batting - Pitching for Plymouth Rocks : RHP Robert Neal
Batting: RHB David Sánchez 0-0: Ball
1-0: Called Strike
1-1: Swinging Strike
1-2: Ball
2-2: Ball
3-2: Base on Balls
Batting: LHB António Ramos 0-0: Foul Ball, location: 2F
0-1: Ball
1-1: Ball
2-1: Ball
3-1: Called Strike
3-2: Foul Ball, location: 2F
3-2: Strikes out looking
David Sánchez steals 2nd base
Batter strikes out.
Batting: RHB José Correa 0-0: Foul Ball, location: 2F
0-1: Called Strike
David Sánchez steals 3rd base
0-2: Ball
1-2: Strikes out swinging
Batting: RHB Leonard James 0-0: Ball
1-0: Called Strike
1-1: Swinging Strike
1-2: Strikes out swinging
Top of the 2nd over - 0 run(s), 0 hit(s), 0 error(s), 1 left on base; Milton 0 - Plymouth 1
BOTTOM OF THE 2ND
Plymouth Rocks batting - Pitching for Milton Dogfish Head : RHP Juan Lara
Batting: RHB Orlando Sánchez 0-0: Ball
1-0: Foul Ball, location: 2F
1-1: Ball
2-1: Ball
3-1: Called Strike
3-2: Foul Ball, location: 2F
3-2: Base on Balls
Batting: LHB Kent Roberts 0-0: Ball
1-0: Called Strike
1-1: Ball
2-1: Foul Ball, location: 2F
2-2: Ball
3-2: Strikes out swinging
Batting: LHB Motoshige Kitamura 0-0: Ball
1-0: Ball
2-0: Foul Ball, location: 2F
2-1: 2-RUN HOME RUN (Flyball, 9D), Distance : 392 ft
Batting: RHB Sang-yeon Kim 0-0: Hit by Pitch, AND HE CHARGES THE MOUND! The benches clear!
Pitching: RHP Luis De La Hoya
Pinch Runner at 1st Tom Baker:
Batting: RHB Augusto Rocha 0-0: Grounds into double play, 6-4-3 (Groundball, 6)
Bottom of the 2nd over - 2 run(s), 1 hit(s), 0 error(s), 0 left on base; Milton 0 - Plymouth 3
TOP OF THE 3RD
Milton Dogfish Head batting - Pitching for Plymouth Rocks : RHP Robert Neal
Batting: RHB Marcos Calderón 0-0: Ball
1-0: Ball
2-0: SINGLE (Flyball, 9LS)
Batting: RHB Juan Jose Ayala 0-0: Ball
1-0: TRIPLE (Line Drive, 89M)
Marcos Calderón scores
Batting: LHB Víctor Robledo 0-0: Called Strike
0-1: Called Strike
0-2: Foul Ball, location: 2F
0-2: Fly out, F7 (Flyball, 7LMF)
Runner from 3rd tags up, SCORES, no throw
Batting: LHB Floyd Long 0-0: Ball
1-0: Foul Ball, location: 2F
1-1: Ball
2-1: Ball
3-1: Base on Balls
Batting: RHB Fernando Silva 0-0: Ball
1-0: Called Strike
1-1: Swinging Strike
1-2: Fly out, F8 (Flyball, 8RM)
Batting: RHB David Sánchez 0-0: SINGLE (Groundball, 56D)
Floyd Long to second
Batting: LHB António Ramos 0-0: Ball
1-0: Called Strike
1-1: Ball
2-1: Called Strike
2-2: Ball
3-2: Strikes out looking
Top of the 3rd over - 2 run(s), 3 hit(s), 0 error(s), 2 left on base; Milton 2 - Plymouth 3
BOTTOM OF THE 3RD
Plymouth Rocks batting - Pitching for Milton Dogfish Head : RHP Luis De La Hoya
Batting: LHB Carlos Álvarez 0-0: Called Strike
0-1: Ball
1-1: Ball
2-1: Ball
3-1: Base on Balls
Batting: RHB Andrew Weeks 0-0: Called Strike
0-1: Ball
1-1: Foul Ball, location: 2F
1-2: Grounds into double play, 4-6-3 (Groundball, 4)
Batting: LHB Willis Baker 0-0: Foul Ball, location: 2F
0-1: SINGLE (Line Drive, 3D)
Batting: RHB Hubert Dodson 0-0: Ball
1-0: Fielders Choice at 2nd, 5-4 (Groundball, 5)
Bottom of the 3rd over - 0 run(s), 1 hit(s), 0 error(s), 0 left on base; Milton 2 - Plymouth 3
TOP OF THE 4TH
Milton Dogfish Head batting - Pitching for Plymouth Rocks : RHP Robert Neal
Batting: RHB José Correa 0-0: Ball
1-0: Ball
2-0: Ground out 6-3 (Groundball, 6)
Batting: RHB Leonard James 0-0: Ball
1-0: Called Strike
1-1: Ball
2-1: Ground out 6-3 (Groundball, 6)
Batting: RHB Marcos Calderón 0-0: Ball
1-0: Ball
2-0: SINGLE (Flyball, 8LS)
Batting: RHB Juan Jose Ayala 0-0: Ball
1-0: Ball
2-0: Ball
3-0: Called Strike
3-1: Foul Ball, location: 2F
3-2: Fly out, F4 (Line Drive, 4)
Top of the 4th over - 0 run(s), 1 hit(s), 0 error(s), 1 left on base; Milton 2 - Plymouth 3
BOTTOM OF THE 4TH
Plymouth Rocks batting - Pitching for Milton Dogfish Head : RHP Luis De La Hoya
Batting: RHB Orlando Sánchez 0-0: Foul Ball, location: 2F
0-1: Foul Ball, location: 2F
0-2: DOUBLE (Flyball, 7D)
Batting: LHB Kent Roberts 0-0: Ball
1-0: Ball
2-0: Ball
3-0: Foul Ball, location: 2F
3-1: Base on Balls
Batting: LHB Motoshige Kitamura 0-0: Swinging Strike
0-1: Ground out 3-1 (Groundball, 34S)
Orlando Sánchez to third
Kent Roberts to second
Batting: RHB Tom Baker 0-0: Swinging Strike
0-1: Ball
Wild Pitch!
Orlando Sánchez scores
Kent Roberts to third
1-1: Foul Ball, location: 2F
1-2: Ball
2-2: Strikes out swinging
Batting: RHB Augusto Rocha 0-0: DOUBLE (Line Drive, 7D)
Kent Roberts scores
Pitching: RHP Manny Pérez
Batting: LHB Carlos Álvarez 0-0: Foul Ball, location: 2F
0-1: Ball
1-1: 2-RUN HOME RUN (Flyball, 89XD), Distance : 430 ft
Batting: RHB Andrew Weeks 0-0: Ball
1-0: Ball
2-0: Ball
3-0: Called Strike
3-1: Foul Ball, location: 2F
3-2: Foul Ball, location: 2F
3-2: Foul Ball, location: 2F
3-2: Foul Ball, location: 2F
3-2: Foul Ball, location: 2F
3-2: Ground out 4-3 (Groundball, 4)
Bottom of the 4th over - 4 run(s), 3 hit(s), 0 error(s), 0 left on base; Milton 2 - Plymouth 7
TOP OF THE 5TH
Milton Dogfish Head batting - Pitching for Plymouth Rocks : RHP Robert Neal
Batting: LHB Víctor Robledo 0-0: Fly out, F2 (Popup, 15)
Batting: LHB Floyd Long 0-0: Ball
1-0: Ball
2-0: Called Strike
2-1: Fly out, F8 (Line Drive, 8RM)
Batting: RHB Fernando Silva 0-0: Ball
1-0: Called Strike
1-1: Foul Ball, location: 2F
1-2: Ball
2-2: Ball
3-2: Ground out 5-3 (Groundball, 56S)
Top of the 5th over - 0 run(s), 0 hit(s), 0 error(s), 0 left on base; Milton 2 - Plymouth 7
BOTTOM OF THE 5TH
Plymouth Rocks batting - Pitching for Milton Dogfish Head : RHP Manny Pérez
Batting: LHB Willis Baker 0-0: Swinging Strike
0-1: Ball
1-1: Foul Ball, location: 2F
1-2: Ball
2-2: Foul Ball, location: 2F
2-2: Ball
3-2: DOUBLE (Line Drive, 9LM)
Batting: RHB Hubert Dodson 0-0: Foul Ball, location: 2F
0-1: Ball
1-1: Foul Ball, location: 2F
1-2: Ball
2-2: Ball
3-2: SINGLE (Line Drive, 9LS)
Willis Baker to third
Runner from 3rd tries for Home, SAFE, throw made home
Hubert Dodson to second
Batting: RHB Orlando Sánchez 0-0: Ball
1-0: Foul Ball, location: 2F
1-1: Swinging Strike
1-2: Ball
2-2: Ground out 1-3 (Groundball, P)
Hubert Dodson to third
Pitching: RHP Carlos Valentín
Batting: LHB Kent Roberts 0-0: Ball
1-0: Ball
2-0: Ball
3-0: Base on Balls
Batting: LHB Motoshige Kitamura 0-0: Called Strike
0-1: Ball
1-1: Foul Ball, location: 2F
1-2: Ball
2-2: Fly out, F7 (Flyball, 7)
Runner from 3rd tags up, SCORES, throw made
Batting: RHB Tom Baker 0-0: Ground out 3-1 (Groundball, 34)
Bottom of the 5th over - 2 run(s), 2 hit(s), 0 error(s), 1 left on base; Milton 2 - Plymouth 9
TOP OF THE 6TH
Milton Dogfish Head batting - Pitching for Plymouth Rocks : RHP Robert Neal
Batting: RHB David Sánchez 0-0: Called Strike
0-1: Ball
1-1: Ball
2-1: Foul Ball, location: 2F
2-2: Ball
3-2: Foul Ball, location: 2F
3-2: Base on Balls
Batting: LHB António Ramos 0-0: Called Strike
0-1: Ball
1-1: Called Strike
David Sánchez steals 2nd base
1-2: Ball
2-2: Ball
3-2: Foul Ball, location: 2F
3-2: Foul Ball, location: 2F
3-2: Fly out, F9 (Line Drive, 9D)
Runner from 2nd tags up, SAFE at 3rd, no throw
Batting: RHB José Correa 0-0: Ground out 5-3 (Groundball, 56)
David Sánchez scores
Batting: RHB Leonard James 0-0: Foul Ball, location: 2F
0-1: Ball
1-1: Ball
2-1: Ball
3-1: Base on Balls
Batting: RHB Marcos Calderón 0-0: Called Strike
0-1: Called Strike
0-2: Ball
1-2: Strikes out swinging
Top of the 6th over - 1 run(s), 0 hit(s), 0 error(s), 1 left on base; Milton 3 - Plymouth 9
BOTTOM OF THE 6TH
Plymouth Rocks batting - Pitching for Milton Dogfish Head : RHP Carlos Valentín
Batting: RHB Augusto Rocha 0-0: Called Strike
0-1: Swinging Strike
0-2: Ball
1-2: Ball
2-2: Ball
3-2: Foul Ball, location: 2F
3-2: Ground out 5-3 (Groundball, 5)
Batting: LHB Carlos Álvarez 0-0: Called Strike
0-1: Ball
1-1: Ball
2-1: Foul Ball, location: 2F
2-2: Fly out, F5 (Popup, 5L)
Batting: RHB Andrew Weeks 0-0: Called Strike
0-1: Called Strike
0-2: Strikes out swinging
Bottom of the 6th over - 0 run(s), 0 hit(s), 0 error(s), 0 left on base; Milton 3 - Plymouth 9
TOP OF THE 7TH
Milton Dogfish Head batting - Pitching for Plymouth Rocks : RHP Robert Neal
Batting: RHB Juan Jose Ayala 0-0: Ball
1-0: Ball
2-0: Ball
3-0: Base on Balls
Pitching: LHP Orlando Martínez
Batting: LHB Víctor Robledo 0-0: Foul Ball, location: 2F
0-1: Called Strike
Throwing error on steal attempt, E2
Juan Jose Ayala to third
0-2: Ball
1-2: SINGLE (Line Drive, 34D)
Juan Jose Ayala scores
Batting: LHB Floyd Long 0-0: Ball
1-0: Called Strike
1-1: Ball
2-1: Ball
3-1: Foul Ball, location: 2F
3-2: Ground out 4-3 (Groundball, 4M)
Víctor Robledo to second
Batting: RHB Fernando Silva 0-0: Ball
1-0: Ground out 5-3 (Groundball, 56)
Batting: RHB David Sánchez 0-0: Swinging Strike
0-1: Called Strike
0-2: Ball
1-2: Ball
2-2: Ground out 1-3 (Groundball, P)
Top of the 7th over - 1 run(s), 1 hit(s), 1 error(s), 1 left on base; Milton 4 - Plymouth 9
BOTTOM OF THE 7TH
Plymouth Rocks batting - Pitching for Milton Dogfish Head : RHP Carlos Valentín
Batting: LHB Willis Baker 0-0: Ball
1-0: Fly out, F8 (Flyball, 8RD)
Batting: RHB Hubert Dodson 0-0: Ball
1-0: Swinging Strike
1-1: Foul Ball, location: 2F
1-2: Ball
2-2: Ball
3-2: Foul Ball, location: 2F
3-2: Ground out 6-3 (Groundball, 6)
Batting: RHB Orlando Sánchez 0-0: SINGLE (Groundball, 56D)
Batting: LHB Kent Roberts 0-0: Ball
1-0: Foul Ball, location: 2F
1-1: Ball
2-1: Foul Ball, location: 2F
2-2: Ball
3-2: Base on Balls
Orlando Sánchez to second
Batting: LHB Motoshige Kitamura 0-0: Foul Ball, location: 2F
0-1: Foul Ball, location: 2F
0-2: Foul Ball, location: 2F
0-2: Ball
1-2: Foul Ball, location: 2F
1-2: Fly out, F6 (Popup, 6MD)
Bottom of the 7th over - 0 run(s), 1 hit(s), 0 error(s), 2 left on base; Milton 4 - Plymouth 9
TOP OF THE 8TH
Milton Dogfish Head batting - Pitching for Plymouth Rocks : LHP Orlando Martínez
Now in CF: Vern Forrest
Batting: LHB António Ramos 0-0: Ball
1-0: Ball
2-0: Foul Ball, location: 2F
2-1: Foul Ball, location: 2F
2-2: Ball
3-2: Base on Balls
Batting: RHB José Correa 0-0: Called Strike
0-1: Swinging Strike
0-2: Foul Ball, location: 2F
0-2: Strikes out swinging
Batting: RHB Leonard James 0-0: Swinging Strike
0-1: Ball
1-1: Ball
2-1: Ball
3-1: Foul Ball, location: 2F
3-2: SINGLE (Groundball, 6MD)
António Ramos to second
Batting: RHB Marcos Calderón 0-0: Fly out, F6 (Popup, 6D)
Batting: RHB Juan Jose Ayala 0-0: SINGLE (Groundball, 3S) (infield hit)
António Ramos to third
Leonard James to second
Batting: LHB Víctor Robledo 0-0: Ball
1-0: Swinging Strike
1-1: SINGLE (Groundball, 34) (infield hit)
António Ramos scores
Leonard James to third
Juan Jose Ayala to second
Batting: LHB Floyd Long 0-0: Foul Ball, location: 2F
0-1: Fly out, F7 (Flyball, 7)
Top of the 8th over - 1 run(s), 3 hit(s), 0 error(s), 3 left on base; Milton 5 - Plymouth 9
BOTTOM OF THE 8TH
Plymouth Rocks batting - Pitching for Milton Dogfish Head : RHP Carlos Valentín
Batting: RHB Tom Baker 0-0: Swinging Strike
0-1: Swinging Strike
0-2: Foul Ball, location: 2F
0-2: Foul Ball, location: 2F
0-2: Ball
1-2: Foul Ball, location: 2F
1-2: Strikes out swinging
Batting: RHB Augusto Rocha 0-0: Called Strike
0-1: Foul Ball, location: 2F
0-2: Fly out, F8 (Flyball, 8LD)
Pitching: RHP Iván Ledesma Jr.
Batting: LHB Carlos Álvarez 0-0: Foul Ball, location: 2F
0-1: Ball
1-1: Ball
2-1: Foul Ball, location: 2F
2-2: Foul Ball, location: 2F
2-2: Foul Ball, location: 2F
2-2: Ball
3-2: Base on Balls
Batting: RHB Andrew Weeks 0-0: Ball
1-0: Ball
2-0: Foul Ball, location: 2F
2-1: Foul Ball, location: 2F
2-2: Ball
3-2: Fly out, F2 (Popup, 25)
Bottom of the 8th over - 0 run(s), 0 hit(s), 0 error(s), 1 left on base; Milton 5 - Plymouth 9
TOP OF THE 9TH
Milton Dogfish Head batting - Pitching for Plymouth Rocks : LHP Orlando Martínez
Batting: RHB Fernando Silva 0-0: Ball
1-0: Foul Ball, location: 2F
1-1: Swinging Strike
1-2: SINGLE (Line Drive, 6MD)
Batting: RHB David Sánchez 0-0: Swinging Strike
0-1: Ball
1-1: Fly out, F7 (Flyball, 7)
Batting: LHB António Ramos 0-0: Swinging Strike
0-1: Ball
1-1: Ground out 4-3 (Groundball, 34)
Fernando Silva to second
Batting: RHB José Correa 0-0: Ball
1-0: Fly out, F2 (Popup, 2R)
Top of the 9th over - 0 run(s), 1 hit(s), 0 error(s), 1 left on base; Milton 5 - Plymouth 9
Friday, December 30th, 2016 - OOTP Baseball 17.12 Build 75